 Dungeon Crawl Stone Soup version 0.31.0-11-ge490571c62 (webtiles) character file.

Game seed: 11679058901761784886

58 qw the Shooter (level 3, -4/18 HPs)
             Began as a Spriggan Hunter on Feb 5, 2024.
             Slain by Grinder (9 damage)
             ... on level 3 of the Dungeon.
             The game lasted 00:00:31 (1540 turns).

qw the Shooter (Spriggan Hunter)                    Turns: 1540, Time: 00:00:32

Health: -4/18      AC:  2    Str:  7    XL:     3   Next: 75%
Magic:  4/4        EV: 19    Int: 10    God:
Gold:   125        SH:  0    Dex: 20    Spells: 2/2 levels left

rFire   . . .        a - +0 shortbow
rCold   . . .        (shield currently unavailable)
rNeg    . . .        c - +0 robe
rPois   .            (helmet restricted)
rElec   .            (no cloak)
rCorr   .            (gloves unavailable)
SInv    +            (boots unavailable)
Will    .....        (no amulet)
Stlth   ++           (no ring)
HPRegen 0.23/turn    (no ring)
MPRegen 0.09/turn

%: no passive effects
@: very quick
A: very small, no large weapons, unfitting armour, see invisible, speed 3
a: no special abilities


You were on level 3 of the Dungeon.
You visited 1 branch of the dungeon, and saw 3 of its levels.

You collected 125 gold pieces.


Innate Abilities, Weirdness & Mutations

You are very small and have problems with some larger weapons.
You are too small for most types of armour.
You have supernaturally acute eyesight. (SInv)
You cover ground extremely quickly. (Speed+++)


   Skills:
 - Level 1.5 Fighting
 - Level 5.0 Ranged Weapons
 + Level 4.0 Dodging
 - Level 1.5 Stealth


You had 2 spell levels left.
You didn't know any spells.
Your spell library was empty.

Inventory:

Hand Weapons
 a - a +0 shortbow (weapon)
Armour
 c - a +0 robe (worn)

Dungeon Overview and Level Annotations

Branches:
Dungeon (3/15)

Altars:

Shops:
D:1 [   D:2 (

Annotations:
D:3 Grinder


Message History

There is an open door here.
You see here a rat skeleton.
You see here a rat skeleton.
There is a stone staircase leading down here.
You climb downwards.
Found a stone staircase leading down.
There is a stone staircase leading up here.
Grinder is nearby!
Waypoint 2 assigned to D:3.
You shoot an arrow.
The arrow hits Grinder but does no damage.
Grinder shouts!
Grinder misses you.
You shoot an arrow. The arrow hits Grinder!
Grinder is moderately wounded.
Grinder gestures at you. Pain shoots through your body!
You shoot an arrow.
The arrow hits Grinder but does no damage.
Grinder is moderately wounded.
Grinder gestures at you. Pain shoots through your body!
You shoot an arrow. The arrow hits Grinder.
Grinder is moderately wounded.
Grinder closely misses you.
You shoot an arrow. The arrow closely misses Grinder.
Grinder hits you.
You writhe in agony.
You shoot an arrow. The arrow closely misses Grinder.
Grinder hits you! Grinder misses you.
You shoot an arrow. The arrow hits Grinder.
Grinder is heavily wounded.
Grinder misses you.
You shoot an arrow. The arrow hits Grinder.
Grinder is heavily wounded.
Grinder barely misses you.
You shoot an arrow. The arrow hits Grinder.
Grinder is severely wounded.
Grinder hits you!
Ouch! That really hurt!
You die...
Grinder says, "Hey, I wasn't done torturing you yet!"

.# .. .# # .#
#. .## #.# ..#
# ##.##.5#.#..#
.......@....#
###......#.....
#.......# ##.
..........#
###........
#......#..
###....##..
#>.### ###


You could see Grinder.

Vanquished Creatures
  2 adders (D:2)
  A ribbon worm (D:2)
  2 bats (D:1)
  An endoplasm (D:1)
  A giant cockroach (D:1)
  A goblin (D:2)
  2 hobgoblins
  3 jackals (D:1)
  6 kobolds
  2 quokkas (D:1)
  7 ball pythons
  4 frilled lizards
  5 rats
37 creatures vanquished.

Notes
Turn   | Place    | Note
-------+----------+-------------------------------------------
     0 | D:1      | qw the Spriggan Hunter began the quest for the Orb.
     0 | D:1      | Reached XP level 1. HP: 10/10 MP: 2/2
     0 | D:1      | 0 ||| qw: Version: 0.3-a-160-g6735b56
     0 | D:1      | 0 ||| qw: Game counter: 6554
     0 | D:1      | 0 ||| qw: Melee chars always use a shield: true
     0 | D:1      | 0 ||| qw: God list: Okawaru
     0 | D:1      | 0 ||| qw: Allow faded altars: false
     0 | D:1      | 0 ||| qw: Do Orc after clearing Dungeon:15 true
     0 | D:1      | 0 ||| qw: Do second Lair branch before Depths: true
     0 | D:1      | 0 ||| qw: Lair rune preference: random
     0 | D:1      | 0 ||| qw: Goals: Normal
     0 | D:1      | 0 ||| PLANNING D:1-11
    30 | D:1      | Reached skill level 3 in Dodging
    86 | D:1      | Found Hihoaff's Armour Emporium.
    93 | D:1      | 93 ||| SHOPLISTING +0 robe of resistance (304 gold, have
                  | 16).
   112 | D:1      | Reached XP level 2. HP: 14/14 MP: 3/3
   611 | D:1      | 611 ||| READING 2 scrolls labelled ENEKKADUAW.
   612 | D:1      | 612 ||| READING scroll labelled IMPERY CEBB.
   612 | D:1      | 612 ||| IDENTIFYING lumpy orange potion
   613 | D:1      | 613 ||| DROPPING scroll of butterflies.
   614 | D:1      | 614 ||| DROPPING scroll of poison.
   616 | D:1      | 616 ||| Stepping ~*~*~tactically~*~*~ (cloud).
   617 | D:1      | 617 ||| DRINKING potion of curing.
   617 | D:1      | 617 ||| (to cure poison)
   730 | D:2      | Reached XP level 3. HP: 18/18 MP: 4/4
   993 | D:2      | Found Paiwiumu's Weapon Shoppe.
  1119 | D:2      | Reached skill level 5 in Ranged Weapons
  1460 | D:2      | 1460 ||| READING scroll of identify.
  1460 | D:2      | 1460 ||| IDENTIFYING viscous amethyst potion
  1461 | D:2      | 1461 ||| READING scroll labelled RUPHAO OTAPSAL.
  1462 | D:2      | 1462 ||| DROPPING potion of ambrosia.
  1531 | D:3      | Noticed Grinder
  1537 | D:3      | HP: 4/18 [Grinder (7)]
  1540 | D:3      | Slain by Grinder

Levels and vault maps discovered:
D:1:      eino_arrival_tree_alley, layout_loops_ring, serial_shops, shop
D:2:      layout_basic, serial_shops, nicolae_shop_tiny_real_fake_doors
D:3:      layout_loops_ring, nzn_wu_jian_council_hall, lemuel_doored_altar,
          nicolae_eternal_life, uniq_grinder

Skill      XL: |  1  2  3 |
---------------+----------+-----
Dodging        | 3 4 |  4.0
Ranged Weapons | 5 |  5.0
Fighting       | |  1.5
Stealth        | |  1.5

Action                     || total
---------------------------++-------
   Fire: Shortbow          ||   100
    Use: Scroll            ||     4
         Potion            ||     1
 Armour: Robe              ||     9
  Dodge: Dodged            ||    16

Table legend:
 A = Non-vault XP
 B = Vault XP
 C = Vault XP percentage of total XP
 D = Non-vault monster count
 E = Vault monster count
 F = Vault count percentage of total count
                 A         B        C        D         E       F
            +---------+---------+-------+---------+---------+-------
      Total |      83 |       0 |   0.0 |      37 |       0 |   0.0
            +---------+---------+-------+---------+---------+-------
        D:1 |      37 |       0 |   0.0 |      24 |       0 |   0.0
        D:2 |      46 |       0 |   0.0 |      13 |       0 |   0.0
            +---------+---------+-------+---------+---------+-------
